 Dungeon Crawl Stone Soup version 0.29.1-13-g9f3cf754e1 (webtiles) character file.

Game seed: 1083497948931696998

1228 concernfroge the Nimble (level 8, -2/30 (32) HPs)
             Began as a Felid Transmuter on Jan 25, 2023.
             Was a Follower of Elyvilon.
             Succumbed to a wight's poison
             ... on level 7 of the Dungeon.
             The game lasted 00:34:06 (8399 turns).

concernfroge the Nimble (Felid Transmuter)          Turns: 8399, Time: 00:34:07

HP:   -2/30 (32)    AC:  2    Str:  3 (6)  XL:     8   Next: 23%
MP:   21/21         EV: 25    Int: 11 (14) God:    Elyvilon [*.....]
Gold: 514           SH:  0    Dex: 18 (19) Spells: 5/11 levels left
                                        Lives: 0   Deaths: 2

rFire   . . .      SeeInvis +     - Unarmed
rCold   . . .      Faith    .   (shield unavailable)
rNeg    . . .      Spirit   .   (body armour unavailable)
rPois   .          Reflect  .   (helmet unavailable)
rElec   .          Harm     .   (cloak unavailable)
rCorr   .          Rampage  .   (gloves unavailable)
Will    +....                   (boots unavailable)
Stlth   ++........              (no amulet)
HPRegen 0.10/turn               g - ring of magical power
MPRegen 0.17/turn               (no ring)

@: lethally poisoned (-2 -> -21), drained, quick
A: very small, claws 1, fangs 3, see invisible, speed 1, shaggy fur 2, stealthy
paws, no weapons or thrown items, no armour, multi-lived
a: Renounce Religion, Purification


You were on level 7 of the Dungeon.
You worshipped Elyvilon.
Elyvilon was aware of your devotion.
You visited 1 branch of the dungeon, and saw 8 of its levels.
You also visited: Sewer.

You collected 514 gold pieces.

Inventory:

Jewellery
 g - a ring of magical power (left paw)
Wands
 f - a wand of quicksilver (1)
Scrolls
 d - a scroll of amnesia
 e - a scroll of noise {unknown}
 h - 4 scrolls of teleportation
 k - a scroll of poison
Potions
 a - 3 potions of flight
 c - a potion of magic
 l - a potion of mutation


   Skills:
 - Level 1.0 Fighting
 + Level 11.0 Dodging
 + Level 8.8 Unarmed Combat
 - Level 2.0 Spellcasting
 - Level 2.1 Transmutations


You had 5 spell levels left.
You knew the following spells:

 Your Spells              Type           Power      Damage    Failure   Level
a - Beastly Appendage     Tmut           10%        N/A       12%         1
b - Wereblood             Tmut           5%         N/A       19%         2
c - Spider Form           Tmut/Pois      3%         N/A       50%         3

Your spell library contained the following spells:

 Spells                   Type           Power      Damage    Failure   Level
 Apportation              Tloc           2%         N/A       28%         1
 Foxfire                  Conj/Fire      4%         2x1d4     28%         1
 Necrotise                Necr           4%         1d4       28%         1
 Sandblast                Erth           2%         2d4       28%         1
 Summon Small Mammal      Summ           4%         N/A       28%         1
 Passwall                 Tmut/Erth      2%         N/A       28%         2
 Ignite Poison            Fire/Tmut/Pois 2%         N/A       54%         3
 Conjure Flame            Conj/Fire      1%         6-21      65%         3
 Inner Flame              Hex/Fire       1%         N/A       65%         3
 Stone Arrow              Conj/Erth      2%         3d7       65%         3
 Ice Form                 Ice/Tmut       3%         N/A       88%         4
 Petrify                  Tmut/Erth      3%         N/A       88%         4
 Airstrike                Air            0%         2d(1-17)  96%         4
 Flame Wave               Conj/Fire      1%         2d4       96%         4
 Sticky Flame             Conj/Fire      1%         2d3       96%         4
 Summon Lightning Spire   Summ/Air       1%         N/A       96%         4
 Lightning Bolt           Conj/Air       0%         1d11      100%        5
 Metabolic Englaciation   Hex/Ice        0%         N/A       100%        5
 Summon Forest            Summ/Tloc      0%         N/A       100%        5
 Summon Mana Viper        Hex/Summ       1%         N/A       100%        5
 Statue Form              Tmut/Erth      2%         N/A       100%        6
 Summon Cactus Giant      Summ           0%         N/A       100%        6


Dungeon Overview and Level Annotations

Branches:
Dungeon (8/15)             Temple (0/1) D:7            Lair (0/5) D:8
  Sewer (visited)

Altars:
Fedhas
Qazlal
Xom
Zin

Shops:
D:3 (

Annotations:
D:4 Pikel
D:6 Sigmund


Innate Abilities, Weirdness & Mutations

You have sharp claws.
You have razor-sharp teeth.
You have supernaturally acute eyesight. (SInv)
You cover ground quickly. (Speed+)
You are covered in thick fur. (AC +2)
Your paws help you pounce on unaware monsters.
You are incapable of wielding weapons or throwing items.
You cannot wear armour.
You gain extra lives every three experience levels.


Message History

You claw the wight!
The wight is heavily damaged.
The wight hits you with a +0 spear of venom!
You feel drained.
You are poisoned.
You closely miss the wight. You bite the wight, but do no damage.
The wight is heavily damaged.
You feel very sick. The wight completely misses you.
You closely miss the wight.
The wight is heavily damaged.
You feel sick. The wight completely misses you.
You scratch the wight.
The wight is almost destroyed.
You feel sick.
You are too injured to fight recklessly!
You are too injured to fight recklessly!
You are too injured to fight recklessly!
You scratch the wight but do no damage.
The wight is almost destroyed.
You feel sick. The wight misses you.
You closely miss the wight. Your claw misses the wight.
The wight is almost destroyed.
You feel sick.
The wight hits you with a +0 spear of venom.
* * * LOW HITPOINT WARNING * * *
You feel drained.
* * * LOW HITPOINT WARNING * * *
You barely miss the wight. Your bite misses the wight.
The wight is almost destroyed.
You feel sick.
The wight hits you with a +0 spear of venom.
* * * LOW HITPOINT WARNING * * *
You are more poisoned.
Okay, then.
Okay, then.
It was a potion of degeneration.
There was something very wrong with that liquid.
You feel weakened.
You feel dopey.
You feel clumsy.
You die...

*,,,* ##.....## ##....
*,*** ##...#########....
*,* ##..........#....
*,* #..#######.#.... *,*
#..# #.##.##
*,*****######..# #.##.#
*,**,<,........# #....#
*,**,**####...<# #.####
*,**,**#..z@...# #.#
*,,,.....##.#..#######.#
****.###**#.##.........#
*,*****#.##.#######.#
*,,,,,,..##.........#
*******##############


You could see a wight.

Vanquished Creatures
  A water moccasin (D:5)
  A sky beast (D:4)
  A black bear (D:5)
  3 ogres
  A centaur (D:6)
  3 phantoms
  A kobold brigand (Sewer)
  2 lemures
  4 necrophages
  4 scorpions
  3 hounds
  2 orc priests (D:5)
  4 orc wizards
  9 adders
  6 gnolls
  2 river rats
  2 shadow imps
  2 ufetubi
  4 worms
  A dart slug (D:2)
  14 orcs
  8 ball pythons
  8 endoplasms
  4 giant cockroaches
  11 goblins
  4 hobgoblins
  5 jackals
  9 kobolds
  3 quokkas
  2 bats
  4 frilled lizards
  8 rats
136 creatures vanquished.

Vanquished Creatures (others)
  A plant (D:8)
  4 toadstools (D:1)
5 creatures vanquished.

Grand Total: 141 creatures vanquished

Notes
Turn   | Place    | Note
-------+----------+-------------------------------------------
     0 | D:1      | concernfroge the Felid Transmuter began the quest for the
                  | Orb.
     0 | D:1      | Reached XP level 1. HP: 9/9 MP: 4/4
     6 | D:1      | You fall into a shaft and drop 1 floor!
    30 | D:2      | Reached skill level 3 in Dodging
   189 | D:2      | Reached XP level 2. HP: 12/12 MP: 6/6
   192 | D:2      | Learned a level 2 spell: Wereblood
   490 | D:2      | Reached XP level 3. HP: 15/15 MP: 4/7
   966 | D:2      | Reached skill level 4 in Dodging
  1443 | D:1      | Learned a level 3 spell: Spider Form
  1814 | D:1      | Found a faded altar of an unknown god.
  2815 | D:3      | Reached XP level 4. HP: 8/19 MP: 5/8
  3100 | D:3      | Found a shimmering altar of Xom.
  3210 | D:3      | Noticed a necrophage
  3219 | D:3      | Killed a necrophage
  3220 | D:3      | Reached skill level 5 in Dodging
  3220 | D:3      | Reached XP level 5. HP: 22/22 MP: 3/9
  3427 | D:3      | Found Zoykoef's Antique Weapon Shop.
  3506 | D:4      | Noticed an ogre
  3696 | D:4      | Noticed a sky beast
  3708 | D:4      | Slain by a sky beast
  3709 | D:4      | Reached XP level 4. HP: -4/19 MP: 8/8
  3787 | D:4      | Noticed a necrophage
  3797 | D:4      | Killed a necrophage
  3798 | D:4      | Reached skill level 6 in Dodging
  3798 | D:4      | Reached skill level 5 in Unarmed Combat
  3798 | D:4      | Reached XP level 5. HP: 20/22 MP: 9/9
  3807 | D:4      | Killed an ogre
  3815 | D:4      | Gained mutation: You are covered in thick fur. (AC +2)
                  | [Felid growth]
  3815 | D:4      | Reached XP level 6. HP: 25/25 MP: 8/10
  3828 | D:4      | Found a stormy altar of Qazlal.
  3837 | D:4      | Killed a sky beast
  3838 | D:4      | Reached skill level 7 in Dodging
  3909 | D:4      | Noticed an ice beast
  3970 | D:4      | Noticed Pikel
  4268 | D:5      | Entered Level 5 of the Dungeon
  4332 | D:5      | Noticed a water moccasin
  4574 | D:5      | Found a glowing drain.
  4578 | Sewer    | Entered a sewer
  4710 | Sewer    | Reached XP level 7. HP: 25/28 MP: 8/11
  4903 | Sewer    | Found a white marble altar of Elyvilon.
  4970 | Sewer    | Became a worshipper of Elyvilon the Healer
  5269 | D:5      | Reached skill level 8 in Dodging
  5996 | D:5      | Reached skill level 9 in Dodging
  6012 | D:5      | Reached XP level 8. HP: 32/32 MP: 10/12
  6489 | D:6      | Found a blossoming altar of Fedhas.
  6490 | D:6      | Found a glowing silver altar of Zin.
  6861 | D:5      | HP: 1/32 [gnoll/+0 trident[a gnoll bouda] (11)]
  6905 | D:6      | Noticed Sigmund
  6918 | D:5      | Slain by a gnoll
  6919 | D:5      | Reached XP level 7. HP: -2/28 MP: 11/11
  7069 | D:6      | Reached skill level 10 in Dodging
  7144 | D:6      | Reached * piety under Elyvilon
  7305 | D:6      | Reached XP level 8. HP: 19/32 MP: 12/12
  7982 | D:8      | Reached skill level 11 in Dodging
  7992 | D:8      | Noticed a hornet
  8399 | D:7      | Succumbed to a wight's poison

Illustrated notes

Levels and vault maps discovered:
D:1:      kennysheep_arrival_seaside, layout_loops_ring,
          ebering_ecumenical_altar_abandoned, serial_forest,
          infiniplex_forest_zigzag_2, infiniplex_forest_straight_3,
          infiniplex_forest_straight_4, infiniplex_forest_lined_ring,
          minmay_misc_feat_four_crosses, minmay_gold_behind_fungi
D:2:      layout_basic, minmay_heptomino_d4
D:3:      layout_loops_ring, old_standard_altar, serial_shops,
          nicolae_shop_crystal
D:4:      layout_cave_pools, mainiacjoe_overflow_concentric_impassable,
          gup_ossuary_entry_pyramid, chequers_decorated_corner,
          uniq_crazy_yiuf_cottage, uniq_pikel
D:5:      layout_basic, gup_sewer_entry_spiral
D:6:      layout_rooms, chequers_temple_overflow_statue_of_worship,
          minmay_fountain_box, uniq_sigmund
D:7:      layout_loops_corners, temple_statues
D:8:      layout_cave_pools, erik_lair_orcish_takeover, enter_bailey_2,
          hangedman_glass_teeth, hellmonk_guarded_unrand_night, uniq_psyche

Skill      XL: |  1  2  3  4  5  6  7  8 |
---------------+-------------------------+-----
Dodging        | 3 4 6 7 10 11 | 11.0
Unarmed Combat | 4 5 6 8 |  8.8
Fighting       | |  1.0
Spellcasting   | |  2.0
Transmutations | |  2.1

Action                   |  1- 3 |  4- 6 |  7- 9 || total
-------------------------+-------+-------+-------++-------
Melee: Unarmed           |   106 |   161 |   172 ||   439
       Bite              |    13 |    16 |    19 ||    48
       Headbutt          |     2 |    18 |    34 ||    54
       Punch             |     2 |     8 |     7 ||    17
 Cast: Wereblood         |     3 |    12 |     9 ||    24
       Beastly Appendage |     2 |    14 |    20 ||    36
Evoke: Wand              |       |       |     4 ||     4
  Use: Potion            |     1 |     5 |     6 ||    12
       Scroll            |     4 |     8 |     6 ||    18
 Stab: Sleeping          |     4 |     2 |     1 ||     7
Armor: Skin              |    10 |     6 |     7 ||    23
Dodge: Dodged            |    56 |   104 |   160 ||   320
